[ AOE2 MATCH · #474500730 ]
UnrankedBritons vs Mongols
[ REPLAY ANALYSIS · EXTRACTED FROM THE RECORDED GAME ]
Feudal
—
Castle
—
Imperial
—
| APM avg | 11.7 |
| APM peak | 35 |
| eAPM avg | 8.1 |
| Villagers / military | 105 / 119 |
Focus
⚔️ 23.7% · 🌾 76.3%
Longbowman ×99 · Trade Cart ×56 · Knight ×20
Feudal
10:32
Castle
14:56
Imperial
41:15
| APM avg | 37.5 |
| APM peak | 80 |
| eAPM avg | 13.9 |
| Villagers / military | 117 / 199 |
Focus
⚔️ 29.7% · 🌾 70.3%
Mangudai ×97 · Steppe Lancer ×97 · Trade Cart ×28 · Monk ×4 · Mangonel ×1
Feudal
10:43
Castle
18:30
Imperial
29:37
| APM avg | 25.7 |
| APM peak | 74 |
| eAPM avg | 14.2 |
| Villagers / military | 104 / 179 |
Focus
⚔️ 37.1% · 🌾 62.9%
Spearman ×82 · Skirmisher ×74 · Trebuchet (Packed) ×20 · Trade Cart ×8 · Mangonel ×3
Feudal
11:08
Castle
21:20
Imperial
38:33
| APM avg | 45.9 |
| APM peak | 99 |
| eAPM avg | 19.1 |
| Villagers / military | 119 / 151 |
Focus
⚔️ 28.8% · 🌾 71.2%
Spearman ×99 · Ballista Elephant ×23 · Knight ×10 · Trade Cart ×9 · Trebuchet (Packed) ×7 · Scout Cavalry ×5
Feudal
9:56
Castle
14:32
Imperial
41:53
| APM avg | 15.7 |
| APM peak | 45 |
| eAPM avg | 10.3 |
| Villagers / military | 131 / 95 |
Focus
⚔️ 33.0% · 🌾 67.0%
Camel Scout ×50 · Skirmisher ×25 · Ghulam ×14 · Spearman ×3 · Cavalry Archer ×3
Feudal
11:31
Castle
17:28
Imperial
37:09
| APM avg | 14.2 |
| APM peak | 32 |
| eAPM avg | 12.1 |
| Villagers / military | 134 / 305 |
Focus
⚔️ 28.9% · 🌾 71.1%
Archer ×181 · Scout Cavalry ×71 · Berserk ×28 · Trade Cart ×13 · Battering Ram ×12 · Trebuchet (Packed) ×11
Feudal
11:18
Castle
19:04
Imperial
30:50
| APM avg | 17.2 |
| APM peak | 71 |
| eAPM avg | 13.3 |
| Villagers / military | 138 / 239 |
Focus
⚔️ 42.5% · 🌾 57.5%
Tarkan ×239
Feudal
18:16
Castle
23:10
Imperial
35:28
| APM avg | 14.1 |
| APM peak | 35 |
| eAPM avg | 11.8 |
| Villagers / military | 91 / 332 |
Focus
⚔️ 24.9% · 🌾 75.1%
Huskarl ×320 · Spearman ×11 · Trade Cart ×10 · Monk ×1
Match map
Initial resources + every placement click. Lines = walls · curves = elevation contours. ◆ gold · ⬟ stone · ● berries · ✦ relic · ◌ wall gap
Your base· ✓ Closed at 13:25 · 0t walls · 2 gate(s)
GummyBear's base· ✓ Closed at 14:56 · 0t walls · 2 gate(s)
854039402's base· ✓ Closed at 18:30 · 12t walls · 4 gate(s)
Ptolemaeus's base· ✓ Closed at 21:20 · 0t walls · 3 gate(s)
K's base· ✓ Closed at 14:32 · 0t walls · 2 gate(s)
Scruff McFluff's base· ✓ Closed at 17:28 · 0t walls · 4 gate(s)
reev699169's base· ✓ Closed at 19:04 · 0t walls · 2 gate(s)
Kraken Smacken's base· ✓ Closed at 23:10 · 0t walls · 2 gate(s)
Smoothed initial terrain · ◌ = detected wall gap · hover for details
Inputs per minute
— TallBoss5483 - - GummyBear
Build order — TallBoss5483
First 150 of 206 actions detected
| 0:04 | Research | Loom |
| 0:05 | Create | Villager (Male) ×4 |
| 0:05 | Create | Villager (Male) ×4 |
| 0:08 | Build | House |
| 0:10 | Build | House |
| 1:38 | Create | Villager (Male) |
| 2:22 | Build | Mill |
| 2:26 | Create | Villager (Male) ×2 |
| 2:50 | Create | Villager (Male) |
| 2:50 | Create | Villager (Male) |
| 3:31 | Create | Villager (Male) ×2 |
| 3:48 | Create | Villager (Male) |
| 4:03 | Create | Villager (Male) ×2 |
| 4:18 | Build | House |
| 4:22 | Build | House |
| 4:33 | Create | Villager (Male) |
| 4:34 | Create | Villager (Male) |
| 4:45 | Create | Villager (Male) ×2 |
| 5:01 | Create | Villager (Male) |
| 5:45 | Create | Villager (Male) ×3 |
| 6:20 | Create | Villager (Male) |
| 6:20 | Create | Villager (Male) |
| 7:11 | Build | Lumber Camp |
| 7:15 | Create | Villager (Male) ×3 |
| 7:15 | Create | Villager (Male) ×3 |
| 7:47 | Build | Mining Camp |
| 8:28 | Build | House |
| 8:29 | Build | House |
| 8:32 | Create | Villager (Male) ×5 |
| 8:32 | Create | Villager (Male) ×2 |
| 9:09 | Build | Mining Camp |
| 9:43 | Build | Farm |
| 10:00 | Research | Feudal Age |
| 10:07 | Build | Farm |
| 10:37 | Build | Farm |
| 10:38 | Build | Farm |
| 10:39 | Build | Farm |
| 11:02 | Build | Farm |
| 12:25 | Build | Market |
| 12:43 | Build | Blacksmith |
| 12:45 | Create | Villager (Male) |
| 13:25 | Research | Castle Age |
| 13:35 | Research | Horse Collar |
| 13:56 | Build | Farm |
| 14:02 | Build | Farm |
| 14:20 | Build | Farm |
| 14:39 | Research | Double-Bit Axe |
| 15:15 | Research | Gold Mining |
| 15:55 | Research | Forging |
| 16:06 | Create | Villager (Male) |
| 16:33 | Create | Villager (Male) |
| 16:36 | Create | Villager (Male) |
| 16:36 | Create | Villager (Male) |
| 16:36 | Create | Villager (Male) |
| 16:40 | Build | Farm |
| 16:56 | Build | Barracks |
| 17:16 | Build | Farm |
| 17:33 | Build | Farm |
| 17:43 | Create | Villager (Male) |
| 17:50 | Research | Scale Barding Armor |
| 17:54 | Create | Villager (Male) |
| 17:59 | Build | Farm |
| 18:14 | Build | Stable |
| 18:27 | Create | Villager (Male) |
| 18:36 | Build | Farm |
| 18:42 | Build | Farm |
| 18:47 | Create | Villager (Male) |
| 18:58 | Build | House |
| 19:06 | Build | House |
| 19:15 | Build | Stable |
| 19:33 | Research | Husbandry |
| 19:34 | Create | Knight |
| 19:36 | Create | Knight |
| 19:43 | Create | Villager (Male) ×2 |
| 19:44 | Create | Villager (Male) ×2 |
| 20:28 | Create | Knight |
| 20:28 | Create | Knight |
| 20:35 | Build | Stable |
| 20:38 | Create | Knight |
| 20:44 | Create | Villager (Male) ×2 |
| 21:23 | Build | House |
| 22:11 | Research | Iron Casting |
| 22:15 | Create | Villager (Male) ×4 |
| 22:25 | Build | House |
| 22:31 | Build | House |
| 22:32 | Build | House |
| 22:33 | Build | House |
| 22:34 | Build | House |
| 22:41 | Create | Knight ×2 |
| 23:17 | Create | Knight ×3 |
| 23:17 | Create | Knight ×3 |
| 23:50 | Research | Wheelbarrow |
| 26:26 | Research | Hand Cart |
| 26:30 | Create | Villager (Male) |
| 26:30 | Create | Villager (Male) |
| 26:33 | Research | Bow Saw |
| 26:36 | Research | Heavy Plow |
| 26:40 | Research | Gold Shaft Mining |
| 27:17 | Build | Castle |
| 27:23 | Create | Knight ×3 |
| 27:53 | Create | Knight ×2 |
| 27:53 | Create | Knight ×2 |
| 29:03 | Research | Chain Barding Armor |
| 29:04 | Research | Fletching |
| 29:05 | Research | Padded Archer Armor |
| 29:50 | Build | Mining Camp |
| 29:57 | Create | Longbowman ×5 |
| 30:44 | Research | Imperial Age |
| 32:38 | Create | Longbowman ×5 |
| 32:38 | Create | Longbowman ×5 |
| 33:20 | Build | University |
| 33:59 | Research | Conscription |
| 34:20 | Research | Two-Man Saw |
| 34:24 | Research | Town Watch |
| 34:25 | Create | Villager (Male) ×5 |
| 34:25 | Create | Villager (Male) ×5 |
| 34:47 | Research | Treadmill Crane |
| 35:30 | Build | Market |
| 35:49 | Research | Ballistics |
| 36:28 | Research | Bodkin Arrow |
| 36:38 | Build | Town Center |
| 37:14 | Build | Market |
| 37:18 | Build | Market |
| 37:22 | Build | Market |
| 37:26 | Build | Market |
| 37:46 | Create | Villager (Male) ×5 |
| 37:47 | Create | Villager (Male) ×5 |
| 37:51 | Create | Villager (Male) ×5 |
| 38:02 | Build | Town Center |
| 38:26 | Build | Town Center |
| 38:33 | Research | Stone Mining |
| 38:39 | Research | Bracer |
| 39:36 | Research | Town Patrol |
| 39:36 | Create | Villager (Male) ×5 |
| 39:36 | Create | Villager (Male) ×5 |
| 39:55 | Create | Villager (Male) |
| 39:55 | Create | Villager (Male) |
| 40:06 | Research | Leather Archer Armor |
| 40:14 | Research | Yeomen |
| 40:24 | Create | Villager (Male) ×2 |
| 40:41 | Build | House |
| 40:42 | Build | House |
| 40:43 | Build | House |
| 40:45 | Build | House |
| 40:45 | Build | House |
| 40:46 | Build | House |
| 40:47 | Build | House |
| 40:51 | Build | House |
| 40:54 | Build | House |
| 40:56 | Build | House |
Build order — GummyBear
First 150 of 394 actions detected
| 0:00 | Create | Villager (Male) |
| 0:01 | Create | Villager (Male) |
| 0:02 | Build | House |
| 0:04 | Build | House |
| 0:15 | Create | Villager (Male) |
| 0:15 | Create | Villager (Male) |
| 1:34 | Create | Villager (Male) |
| 1:47 | Build | Lumber Camp |
| 2:17 | Create | Villager (Male) |
| 2:17 | Create | Villager (Male) |
| 3:09 | Create | Villager (Male) |
| 3:30 | Create | Villager (Male) |
| 3:51 | Build | House |
| 4:12 | Create | Villager (Male) |
| 4:12 | Create | Villager (Male) |
| 4:14 | Build | Mill |
| 4:44 | Build | House |
| 5:02 | Create | Villager (Male) |
| 5:02 | Create | Villager (Male) |
| 5:02 | Create | Villager (Male) |
| 5:37 | Create | Villager (Male) |
| 6:23 | Build | Lumber Camp |
| 6:36 | Create | Villager (Male) |
| 6:37 | Create | Villager (Male) |
| 7:02 | Create | Villager (Male) |
| 7:03 | Research | Loom |
| 7:46 | Research | Feudal Age |
| 8:03 | Build | Barracks |
| 8:14 | Build | House |
| 8:15 | Build | House |
| 8:25 | Build | Mining Camp |
| 9:40 | Create | Villager (Male) |
| 9:45 | Build | House |
| 10:24 | Build | House |
| 10:32 | Age | Feudal Age |
| 10:33 | Build | Blacksmith |
| 10:40 | Build | Stable |
| 10:49 | Create | Villager (Male) |
| 11:20 | Build | House |
| 12:16 | Research | Castle Age |
| 12:25 | Build | House |
| 12:25 | Build | House |
| 12:26 | Build | House |
| 12:44 | Build | Mining Camp |
| 13:50 | Build | Farm |
| 13:53 | Build | Farm |
| 13:55 | Build | Farm |
| 13:57 | Build | Farm |
| 14:01 | Research | Horse Collar |
| 14:43 | Create | Villager (Male) |
| 14:56 | Age | Castle Age |
| 15:25 | Build | Farm |
| 15:28 | Create | Villager (Male) |
| 15:35 | Build | Town Center |
| 15:37 | Create | Villager (Male) |
| 15:55 | Build | Farm |
| 16:08 | Research | Double-Bit Axe |
| 16:24 | Build | Farm |
| 16:25 | Create | Villager (Male) |
| 16:44 | Create | Villager (Male) |
| 16:59 | Build | Castle |
| 17:05 | Build | Farm |
| 17:09 | Create | Villager (Male) |
| 17:25 | Create | Villager (Male) |
| 18:01 | Build | Town Center |
| 18:03 | Create | Villager (Male) |
| 18:15 | Build | Farm |
| 18:16 | Create | Villager (Male) |
| 18:21 | Create | Villager (Male) |
| 18:28 | Build | House |
| 18:29 | Build | House |
| 18:43 | Build | House |
| 18:44 | Build | House |
| 19:10 | Create | Villager (Male) |
| 19:10 | Create | Villager (Male) |
| 19:12 | Build | Farm |
| 19:15 | Create | Mangudai |
| 19:28 | Create | Villager (Male) |
| 19:28 | Create | Villager (Male) |
| 19:52 | Build | Mining Camp |
| 19:55 | Create | Villager (Male) |
| 19:55 | Create | Villager (Male) |
| 19:57 | Build | Farm |
| 20:17 | Create | Mangudai |
| 20:28 | Build | Farm |
| 20:28 | Build | Farm |
| 20:29 | Build | Farm |
| 20:30 | Create | Villager (Male) |
| 20:31 | Create | Villager (Male) |
| 20:38 | Create | Villager (Male) |
| 20:39 | Create | Villager (Male) |
| 20:39 | Create | Villager (Male) |
| 21:03 | Build | Farm |
| 21:08 | Create | Villager (Male) |
| 21:08 | Create | Villager (Male) |
| 21:09 | Create | Villager (Male) |
| 21:18 | Create | Mangudai |
| 21:19 | Create | Mangudai |
| 21:26 | Create | Villager (Male) |
| 21:26 | Create | Villager (Male) |
| 21:34 | Create | Mangudai |
| 21:40 | Create | Villager (Male) |
| 21:44 | Build | Farm |
| 21:46 | Build | Farm |
| 22:10 | Build | Farm |
| 22:12 | Build | Farm |
| 22:13 | Create | Villager (Male) |
| 22:14 | Create | Villager (Male) |
| 22:14 | Create | Villager (Male) |
| 22:20 | Create | Mangudai |
| 22:29 | Create | Villager (Male) |
| 22:30 | Create | Villager (Male) |
| 22:33 | Create | Villager (Male) |
| 22:37 | Build | Farm |
| 22:40 | Build | Farm |
| 23:02 | Research | Fletching |
| 23:09 | Create | Mangudai |
| 23:10 | Create | Villager (Male) |
| 23:11 | Create | Villager (Male) |
| 23:23 | Build | Farm |
| 23:27 | Build | Farm |
| 23:29 | Build | Farm |
| 23:35 | Research | Bodkin Arrow |
| 23:51 | Create | Villager (Male) |
| 23:57 | Create | Mangudai |
| 24:28 | Build | Farm |
| 24:30 | Build | Farm |
| 24:31 | Create | Villager (Male) |
| 24:31 | Create | Villager (Male) |
| 24:32 | Create | Villager (Male) |
| 24:41 | Research | Padded Archer Armor |
| 24:48 | Create | Mangudai |
| 25:51 | Build | Monastery |
| 25:56 | Build | Market |
| 25:57 | Build | Market |
| 26:00 | Create | Villager (Male) |
| 26:00 | Create | Villager (Male) |
| 26:00 | Create | Villager (Male) |
| 26:01 | Create | Villager (Male) |
| 26:01 | Create | Villager (Male) |
| 26:01 | Create | Villager (Male) |
| 26:01 | Create | Villager (Male) |
| 26:02 | Create | Villager (Male) |
| 26:02 | Create | Villager (Male) |
| 26:02 | Create | Villager (Male) |
| 26:02 | Create | Villager (Male) |
| 26:03 | Create | Villager (Male) |
| 26:03 | Create | Villager (Male) |
| 26:03 | Create | Villager (Male) |
| 26:03 | Create | Villager (Male) |
Build order — 854039402
First 150 of 365 actions detected
| 0:01 | Research | Loom |
| 0:02 | Create | Villager (Male) |
| 0:02 | Create | Villager (Male) |
| 0:02 | Create | Villager (Male) |
| 0:03 | Create | Villager (Male) |
| 0:03 | Create | Villager (Male) |
| 0:08 | Build | House |
| 0:09 | Build | House |
| 0:09 | Build | House |
| 0:12 | Build | House |
| 1:27 | Build | Lumber Camp |
| 2:06 | Create | Villager (Male) |
| 2:06 | Create | Villager (Male) |
| 2:34 | Create | Villager (Male) |
| 2:34 | Create | Villager (Male) |
| 3:07 | Create | Villager (Male) |
| 3:08 | Create | Villager (Male) |
| 3:25 | Create | Villager (Male) |
| 3:25 | Create | Villager (Male) |
| 3:49 | Create | Villager (Male) |
| 3:50 | Create | Villager (Male) |
| 4:15 | Create | Villager (Male) |
| 4:16 | Create | Villager (Male) |
| 4:16 | Create | Villager (Male) |
| 4:54 | Create | Villager (Male) |
| 4:54 | Create | Villager (Male) |
| 4:55 | Create | Villager (Male) |
| 5:23 | Build | Mill |
| 5:36 | Create | Villager (Male) |
| 5:36 | Create | Villager (Male) |
| 6:48 | Create | Villager (Male) |
| 6:48 | Create | Villager (Male) |
| 7:38 | Create | Villager (Male) |
| 8:06 | Create | Villager (Male) |
| 8:22 | Build | Mill |
| 8:32 | Research | Feudal Age |
| 8:40 | Build | Lumber Camp |
| 8:55 | Build | Mining Camp |
| 9:17 | Build | Farm |
| 9:18 | Build | Farm |
| 9:58 | Create | Villager (Male) |
| 9:58 | Create | Villager (Male) |
| 10:04 | Build | House |
| 10:07 | Build | House |
| 10:12 | Build | House |
| 10:35 | Create | Villager (Male) |
| 10:35 | Create | Villager (Male) |
| 10:43 | Age | Feudal Age |
| 11:04 | Research | Double-Bit Axe |
| 11:05 | Research | Double-Bit Axe |
| 11:13 | Build | Farm |
| 11:36 | Build | Farm |
| 11:48 | Build | House |
| 11:54 | Build | Blacksmith |
| 12:09 | Build | Farm |
| 12:10 | Create | Villager (Male) |
| 12:10 | Create | Villager (Male) |
| 12:26 | Build | Farm |
| 12:45 | Create | Villager (Male) |
| 12:50 | Build | Farm |
| 13:43 | Build | Farm |
| 13:45 | Build | Farm |
| 13:45 | Create | Villager (Male) |
| 13:46 | Create | Villager (Male) |
| 14:04 | Build | Market |
| 14:15 | Build | Farm |
| 14:17 | Create | Villager (Male) |
| 14:42 | Create | Villager (Male) |
| 14:43 | Build | Farm |
| 15:10 | Build | Farm |
| 15:12 | Create | Villager (Male) |
| 15:15 | Build | House |
| 15:29 | Build | Mining Camp |
| 15:33 | Build | Farm |
| 15:36 | Research | Castle Age |
| 15:40 | Research | Horse Collar |
| 15:59 | Build | Gate |
| 16:09 | Build | Stone Wall |
| 16:13 | Build | Stone Wall |
| 16:13 | Build | Stone Wall |
| 16:14 | Build | Stone Wall |
| 16:32 | Research | Gold Mining |
| 17:04 | Build | Stone Wall |
| 17:24 | Build | Barracks |
| 17:28 | Research | Stone Mining |
| 18:15 | Build | House |
| 18:26 | Research | Wheelbarrow |
| 18:30 | Age | Castle Age |
| 18:36 | Build | Gate |
| 18:51 | Build | Stone Wall |
| 19:07 | Build | Farm |
| 19:10 | Research | Bow Saw |
| 19:11 | Create | Villager (Male) |
| 19:11 | Create | Villager (Male) |
| 19:48 | Build | Farm |
| 19:49 | Build | Farm |
| 19:51 | Build | Farm |
| 19:52 | Build | Farm |
| 19:53 | Research | Heavy Plow |
| 19:58 | Create | Villager (Male) |
| 19:58 | Create | Villager (Male) |
| 19:59 | Create | Villager (Male) |
| 20:10 | Build | Palisade Wall |
| 20:12 | Build | Palisade Wall |
| 20:13 | Build | Palisade Wall |
| 21:13 | Create | Villager (Male) |
| 21:13 | Create | Villager (Male) |
| 21:14 | Create | Villager (Male) |
| 21:24 | Build | Mining Camp |
| 21:29 | Build | Lumber Camp |
| 21:35 | Build | Farm |
| 21:44 | Create | Spearman |
| 21:45 | Create | Spearman |
| 21:55 | Create | Villager (Male) |
| 21:55 | Create | Villager (Male) |
| 22:24 | Create | Spearman |
| 22:25 | Create | Spearman |
| 23:26 | Build | Town Center |
| 23:29 | Create | Villager (Male) |
| 23:30 | Create | Villager (Male) |
| 23:56 | Build | University |
| 24:03 | Build | Siege Workshop |
| 24:13 | Create | Villager (Male) |
| 24:14 | Create | Villager (Male) |
| 24:14 | Create | Villager (Male) |
| 24:15 | Create | Villager (Male) |
| 24:15 | Create | Villager (Male) |
| 24:15 | Create | Villager (Male) |
| 24:27 | Build | Farm |
| 24:40 | Build | Palisade Wall |
| 24:45 | Build | Stone Wall |
| 24:46 | Build | Stone Wall |
| 25:12 | Create | Villager (Male) |
| 25:13 | Create | Villager (Male) |
| 25:13 | Create | Villager (Male) |
| 25:16 | Create | Mangonel |
| 25:20 | Build | Mining Camp |
| 25:26 | Build | Mining Camp |
| 25:46 | Create | Villager (Male) |
| 25:46 | Create | Villager (Male) |
| 25:50 | Research | Imperial Age |
| 26:02 | Research | Squires |
| 26:06 | Research | Scale Mail Armor |
| 26:06 | Research | Forging |
| 26:22 | Research | Fortified Wall (upgrade) |
| 26:23 | Research | Treadmill Crane |
| 26:25 | Research | Murder Holes |
| 26:36 | Build | House |
| 26:36 | Build | House |
| 26:37 | Build | House |
Build order — Ptolemaeus
First 150 of 380 actions detected
| 0:01 | Create | Villager (Male) |
| 0:02 | Create | Villager (Male) |
| 0:03 | Build | House |
| 0:05 | Build | House |
| 0:26 | Create | Villager (Male) |
| 0:27 | Create | Villager (Male) |
| 1:36 | Create | Villager (Male) |
| 1:48 | Build | Lumber Camp |
| 1:53 | Create | Villager (Male) |
| 2:29 | Create | Villager (Male) |
| 2:51 | Create | Villager (Male) |
| 3:12 | Create | Villager (Male) |
| 3:25 | Build | House |
| 3:34 | Create | Villager (Male) |
| 4:16 | Build | Mill |
| 4:22 | Create | Villager (Male) |
| 4:52 | Create | Villager (Male) |
| 5:07 | Create | Villager (Male) |
| 5:30 | Create | Villager (Male) |
| 5:51 | Build | House |
| 5:53 | Create | Villager (Male) |
| 6:34 | Create | Villager (Male) |
| 6:46 | Create | Villager (Male) |
| 7:02 | Create | Villager (Male) |
| 7:33 | Create | Villager (Male) |
| 7:34 | Research | Loom |
| 8:58 | Research | Feudal Age |
| 9:14 | Build | House |
| 9:24 | Build | Lumber Camp |
| 9:47 | Build | Barracks |
| 10:18 | Create | Villager (Male) |
| 11:08 | Age | Feudal Age |
| 11:11 | Build | Stable |
| 11:18 | Create | Villager (Male) |
| 11:23 | Build | Mining Camp |
| 11:35 | Create | Villager (Male) |
| 11:46 | Create | Spearman |
| 11:52 | Create | Scout Cavalry |
| 11:53 | Create | Scout Cavalry |
| 11:53 | Create | Scout Cavalry |
| 11:53 | Create | Scout Cavalry |
| 11:59 | Build | House |
| 12:10 | Build | Farm |
| 12:14 | Build | Farm |
| 12:16 | Research | Double-Bit Axe |
| 12:17 | Create | Villager (Male) |
| 12:18 | Create | Villager (Male) |
| 12:27 | Create | Scout Cavalry |
| 12:33 | Create | Villager (Male) |
| 13:02 | Build | Farm |
| 13:08 | Build | Blacksmith |
| 13:12 | Build | House |
| 13:18 | Create | Villager (Male) |
| 13:22 | Build | Farm |
| 13:24 | Build | Farm |
| 13:50 | Create | Villager (Male) |
| 14:01 | Build | Farm |
| 14:06 | Build | Farm |
| 14:12 | Create | Villager (Male) |
| 14:25 | Create | Villager (Male) |
| 14:27 | Build | House |
| 14:33 | Build | House |
| 14:39 | Build | Farm |
| 15:07 | Build | House |
| 15:15 | Create | Villager (Male) |
| 15:21 | Build | Farm |
| 15:22 | Build | Farm |
| 15:36 | Build | House |
| 15:52 | Create | Villager (Male) |
| 15:56 | Build | Stable |
| 16:05 | Build | Mining Camp |
| 16:13 | Create | Villager (Male) |
| 16:33 | Create | Villager (Male) |
| 16:51 | Build | Farm |
| 16:54 | Build | Archery Range |
| 16:57 | Build | Farm |
| 17:07 | Create | Villager (Male) |
| 17:11 | Build | Farm |
| 17:13 | Build | Farm |
| 17:29 | Build | Farm |
| 17:34 | Build | Farm |
| 17:48 | Create | Villager (Male) |
| 17:54 | Build | House |
| 17:57 | Build | Farm |
| 18:14 | Create | Villager (Male) |
| 18:18 | Build | House |
| 18:20 | Build | Farm |
| 18:30 | Build | Farm |
| 18:40 | Research | Castle Age |
| 19:17 | Research | Stone Mining |
| 19:22 | Research | Horse Collar |
| 21:20 | Age | Castle Age |
| 21:21 | Create | Villager (Male) |
| 21:29 | Create | Knight |
| 21:29 | Create | Knight |
| 21:45 | Create | Villager (Male) |
| 21:48 | Research | Pikeman (upgrade) |
| 21:49 | Create | Spearman |
| 22:04 | Build | Stone Wall |
| 22:12 | Build | Gate |
| 22:14 | Create | Villager (Male) |
| 22:14 | Create | Villager (Male) |
| 22:15 | Create | Villager (Male) |
| 22:22 | Build | Town Center |
| 22:26 | Create | Knight |
| 22:26 | Create | Knight |
| 22:31 | Create | Spearman |
| 22:32 | Create | Spearman |
| 22:43 | Create | Villager (Male) |
| 22:48 | Create | Villager (Male) |
| 22:53 | Build | Monastery |
| 23:00 | Create | Spearman |
| 23:03 | Create | Knight |
| 23:03 | Create | Knight |
| 23:08 | Create | Villager (Male) |
| 23:10 | Research | Bow Saw |
| 23:12 | Create | Villager (Male) |
| 23:13 | Create | Villager (Male) |
| 23:34 | Build | Stone Wall |
| 23:36 | Create | Villager (Male) |
| 23:37 | Create | Villager (Male) |
| 23:45 | Create | Villager (Male) |
| 24:44 | Create | Villager (Male) |
| 24:45 | Create | Villager (Male) |
| 24:47 | Create | Villager (Male) |
| 24:48 | Create | Villager (Male) |
| 24:58 | Create | Villager (Male) |
| 25:22 | Build | Castle |
| 25:24 | Build | Mining Camp |
| 25:25 | Create | Villager (Male) |
| 25:39 | Research | Husbandry |
| 25:39 | Create | Villager (Male) |
| 26:12 | Create | Villager (Male) |
| 26:16 | Create | Villager (Male) |
| 26:23 | Build | Siege Workshop |
| 26:43 | Create | Villager (Male) |
| 26:45 | Build | House |
| 26:46 | Build | House |
| 26:46 | Build | House |
| 26:48 | Create | Villager (Male) |
| 26:52 | Build | House |
| 26:53 | Create | Monk |
| 26:53 | Create | Monk |
| 26:58 | Create | Villager (Male) |
| 27:06 | Create | Villager (Male) |
| 27:11 | Build | House |
| 27:16 | Create | Villager (Male) |
| 27:24 | Create | Scorpion |
| 27:30 | Create | Villager (Male) |
| 27:30 | Create | Villager (Male) |
Build order — K
First 150 of 348 actions detected
| 0:03 | Create | Villager (Male) |
| 0:04 | Create | Villager (Male) |
| 0:04 | Create | Villager (Male) |
| 0:04 | Create | Villager (Male) |
| 0:05 | Create | Villager (Male) |
| 0:08 | Build | House |
| 0:13 | Build | House |
| 1:11 | Create | Villager (Male) |
| 1:31 | Build | Lumber Camp |
| 2:04 | Create | Villager (Male) |
| 2:05 | Create | Villager (Male) |
| 2:32 | Create | Villager (Male) |
| 2:32 | Create | Villager (Male) |
| 2:37 | Create | Villager (Male) |
| 3:47 | Create | Villager (Male) |
| 3:47 | Create | Villager (Male) |
| 3:48 | Create | Villager (Male) |
| 4:00 | Create | Villager (Male) |
| 4:18 | Build | House |
| 4:55 | Build | Mill |
| 5:02 | Create | Villager (Male) |
| 5:03 | Create | Villager (Male) |
| 5:44 | Create | Villager (Male) |
| 5:46 | Create | Villager (Male) |
| 7:01 | Create | Villager (Male) |
| 7:21 | Build | Farm |
| 7:46 | Research | Feudal Age |
| 7:58 | Build | Farm |
| 8:06 | Build | Farm |
| 9:02 | Build | Farm |
| 9:56 | Age | Feudal Age |
| 9:59 | Create | Villager (Male) |
| 10:10 | Build | House |
| 10:43 | Build | Market |
| 10:54 | Build | Blacksmith |
| 11:18 | Create | Villager (Male) |
| 11:52 | Research | Castle Age |
| 12:05 | Build | Mining Camp |
| 12:26 | Research | Double-Bit Axe |
| 12:40 | Build | Farm |
| 12:40 | Build | Farm |
| 12:42 | Build | Farm |
| 13:03 | Build | Farm |
| 14:06 | Research | Stone Mining |
| 14:32 | Age | Castle Age |
| 14:35 | Create | Villager (Male) |
| 14:47 | Create | Villager (Male) |
| 15:15 | Build | House |
| 15:15 | Build | House |
| 15:16 | Build | House |
| 15:17 | Build | House |
| 15:27 | Create | Villager (Male) |
| 15:47 | Create | Villager (Male) |
| 15:57 | Build | House |
| 16:03 | Create | Villager (Male) |
| 16:15 | Build | House |
| 16:16 | Build | House |
| 16:17 | Build | House |
| 16:20 | Build | House |
| 16:29 | Build | House |
| 16:32 | Create | Villager (Male) |
| 17:00 | Build | Gate |
| 17:18 | Create | Villager (Male) |
| 17:30 | Build | House |
| 17:31 | Build | House |
| 17:33 | Build | House |
| 17:35 | Build | House |
| 17:52 | Build | House |
| 18:05 | Build | Stone Wall |
| 18:14 | Create | Villager (Male) |
| 18:15 | Create | Villager (Male) |
| 18:26 | Build | Town Center |
| 18:33 | Create | Villager (Male) |
| 18:52 | Create | Villager (Male) |
| 19:01 | Build | House |
| 19:04 | Create | Villager (Male) |
| 19:36 | Create | Villager (Male) |
| 19:55 | Build | Town Center |
| 20:00 | Create | Villager (Male) |
| 20:16 | Create | Villager (Male) |
| 20:26 | Build | Farm |
| 20:41 | Create | Villager (Male) |
| 20:41 | Create | Villager (Male) |
| 20:52 | Create | Villager (Male) |
| 21:13 | Create | Villager (Male) |
| 21:24 | Research | Stone Shaft Mining |
| 21:27 | Research | Horse Collar |
| 21:30 | Research | Bow Saw |
| 21:32 | Create | Villager (Male) |
| 21:47 | Create | Villager (Male) |
| 21:48 | Create | Villager (Male) |
| 22:05 | Build | Farm |
| 22:05 | Build | Farm |
| 22:05 | Build | Farm |
| 22:08 | Build | Farm |
| 22:18 | Create | Villager (Male) |
| 22:22 | Create | Villager (Male) |
| 22:42 | Create | Villager (Male) |
| 23:06 | Create | Villager (Male) |
| 23:12 | Create | Villager (Male) |
| 23:13 | Create | Villager (Male) |
| 23:26 | Research | Heavy Plow |
| 23:28 | Create | Villager (Male) |
| 23:53 | Build | Castle |
| 23:56 | Create | Villager (Male) |
| 24:06 | Create | Villager (Male) |
| 24:19 | Create | Villager (Male) |
| 24:20 | Create | Villager (Male) |
| 24:43 | Build | Barracks |
| 24:44 | Create | Villager (Male) |
| 24:45 | Create | Villager (Male) |
| 24:46 | Create | Villager (Male) |
| 24:47 | Create | Villager (Male) |
| 25:43 | Build | Castle |
| 25:45 | Create | Villager (Male) |
| 25:45 | Create | Villager (Male) |
| 25:45 | Create | Villager (Male) |
| 25:46 | Create | Villager (Male) |
| 25:46 | Create | Villager (Male) |
| 25:55 | Create | Villager (Male) |
| 26:01 | Create | Villager (Male) |
| 26:53 | Build | Barracks |
| 26:54 | Build | Barracks |
| 26:57 | Create | Villager (Male) |
| 26:57 | Create | Villager (Male) |
| 26:58 | Create | Villager (Male) |
| 27:01 | Build | Farm |
| 27:02 | Build | Farm |
| 27:02 | Build | Farm |
| 27:02 | Build | Farm |
| 27:02 | Build | Farm |
| 27:03 | Build | Farm |
| 27:08 | Create | Villager (Male) |
| 27:52 | Build | Stable |
| 27:53 | Build | Stable |
| 27:56 | Build | Stable |
| 28:06 | Build | Stable |
| 28:08 | Create | Villager (Male) |
| 28:08 | Create | Villager (Male) |
| 28:08 | Create | Villager (Male) |
| 28:09 | Create | Villager (Male) |
| 28:20 | Research | Grand Trunk Road |
| 28:27 | Create | Ghulam |
| 28:27 | Create | Ghulam |
| 28:27 | Create | Ghulam |
| 28:28 | Create | Ghulam |
| 28:34 | Create | Camel Scout |
| 28:35 | Create | Camel Scout |
| 28:35 | Create | Camel Scout |
| 28:35 | Create | Camel Scout |
Build order — Scruff McFluff
First 150 of 413 actions detected
| 0:03 | Create | Villager (Male) |
| 0:04 | Create | Villager (Male) |
| 0:04 | Create | Villager (Male) |
| 0:05 | Create | Villager (Male) |
| 0:12 | Build | House |
| 0:14 | Build | House |
| 1:33 | Research | Loom |
| 1:34 | Create | Villager (Male) |
| 1:59 | Build | Lumber Camp |
| 2:28 | Create | Villager (Male) |
| 2:47 | Create | Villager (Male) |
| 3:06 | Create | Villager (Male) |
| 3:23 | Create | Villager (Male) |
| 3:54 | Create | Villager (Male) |
| 4:57 | Build | Mill |
| 5:33 | Create | Villager (Male) |
| 5:34 | Create | Villager (Male) |
| 5:34 | Create | Villager (Male) |
| 5:41 | Build | House |
| 5:47 | Build | House |
| 5:55 | Create | Villager (Male) |
| 6:18 | Create | Villager (Male) |
| 6:45 | Create | Villager (Male) |
| 7:15 | Create | Villager (Male) |
| 7:58 | Build | Farm |
| 7:58 | Build | Farm |
| 7:59 | Build | Farm |
| 7:59 | Build | Farm |
| 7:59 | Build | Farm |
| 8:19 | Create | Villager (Male) |
| 8:40 | Create | Villager (Male) |
| 9:01 | Build | House |
| 9:03 | Build | House |
| 9:06 | Build | House |
| 9:12 | Build | House |
| 9:14 | Build | House |
| 9:16 | Build | House |
| 9:18 | Research | Feudal Age |
| 10:13 | Create | Villager (Male) |
| 10:17 | Create | Villager (Male) |
| 10:26 | Create | Villager (Male) |
| 10:55 | Build | Mining Camp |
| 11:16 | Build | Farm |
| 11:16 | Build | Farm |
| 11:17 | Build | Farm |
| 11:25 | Build | Farm |
| 11:27 | Build | Farm |
| 11:31 | Age | Feudal Age |
| 12:22 | Build | Blacksmith |
| 12:26 | Create | Villager (Male) |
| 12:59 | Create | Villager (Male) |
| 13:13 | Build | Market |
| 13:25 | Build | Farm |
| 13:42 | Build | Farm |
| 13:53 | Build | Farm |
| 13:58 | Create | Villager (Male) |
| 13:59 | Create | Villager (Male) |
| 14:37 | Build | Farm |
| 14:41 | Research | Castle Age |
| 14:57 | Research | Double-Bit Axe |
| 15:16 | Research | Horse Collar |
| 15:25 | Build | House |
| 15:35 | Build | Gate |
| 15:38 | Build | House |
| 15:40 | Build | House |
| 15:41 | Build | House |
| 15:53 | Build | House |
| 15:55 | Build | House |
| 15:57 | Build | House |
| 16:03 | Build | House |
| 16:13 | Build | House |
| 16:16 | Create | Villager (Male) |
| 16:21 | Research | Gold Mining |
| 16:42 | Research | Padded Archer Armor |
| 16:43 | Research | Fletching |
| 16:47 | Create | Villager (Male) |
| 17:03 | Research | Stone Mining |
| 17:15 | Build | Farm |
| 17:28 | Age | Castle Age |
| 17:33 | Create | Villager (Male) |
| 17:34 | Create | Villager (Male) |
| 18:20 | Create | Villager (Male) |
| 18:45 | Research | Forging |
| 18:48 | Research | Scale Barding Armor |
| 18:55 | Build | Town Center |
| 19:01 | Create | Villager (Male) |
| 19:22 | Create | Villager (Male) |
| 19:37 | Research | Heavy Plow |
| 19:51 | Research | Bow Saw |
| 19:58 | Create | Villager (Male) |
| 19:58 | Create | Villager (Male) |
| 20:07 | Build | Farm |
| 20:14 | Build | Farm |
| 20:19 | Build | Farm |
| 20:26 | Create | Villager (Male) |
| 20:38 | Create | Villager (Male) |
| 20:38 | Create | Villager (Male) |
| 20:39 | Create | Villager (Male) |
| 20:40 | Create | Villager (Male) |
| 20:56 | Create | Villager (Male) |
| 21:26 | Build | Barracks |
| 21:32 | Create | Villager (Male) |
| 21:33 | Create | Villager (Male) |
| 21:45 | Research | Leather Archer Armor |
| 21:47 | Research | Bodkin Arrow |
| 22:08 | Create | Villager (Male) |
| 22:27 | Build | Gate |
| 22:32 | Build | Gate |
| 22:42 | Build | Gate |
| 22:48 | Build | Archery Range |
| 22:51 | Build | Archery Range |
| 22:53 | Create | Villager (Male) |
| 22:54 | Create | Villager (Male) |
| 22:54 | Create | Villager (Male) |
| 22:55 | Create | Villager (Male) |
| 22:55 | Create | Villager (Male) |
| 22:56 | Create | Villager (Male) |
| 23:22 | Create | Villager (Male) |
| 23:23 | Create | Villager (Male) |
| 23:31 | Build | Town Center |
| 23:46 | Research | Crossbowman (upgrade) |
| 24:01 | Build | University |
| 24:05 | Create | Villager (Male) |
| 24:06 | Create | Villager (Male) |
| 24:19 | Create | Villager (Male) |
| 24:20 | Create | Villager (Male) |
| 24:21 | Create | Villager (Male) |
| 24:22 | Create | Villager (Male) |
| 24:41 | Build | Monastery |
| 24:54 | Create | Villager (Male) |
| 24:56 | Create | Villager (Male) |
| 24:56 | Create | Villager (Male) |
| 24:57 | Create | Villager (Male) |
| 24:58 | Create | Villager (Male) |
| 25:06 | Create | Monk |
| 25:16 | Create | Archer ×5 |
| 25:23 | Create | Villager (Male) |
| 25:24 | Create | Villager (Male) |
| 25:25 | Create | Villager (Male) |
| 25:26 | Create | Villager (Male) |
| 25:27 | Create | Villager (Male) |
| 25:40 | Build | Lumber Camp |
| 25:57 | Build | Castle |
| 26:03 | Create | Villager (Male) |
| 26:03 | Create | Villager (Male) |
| 26:08 | Create | Archer ×2 |
| 26:14 | Build | Mining Camp |
| 26:15 | Create | Villager (Male) |
| 26:16 | Create | Villager (Male) |
| 26:16 | Create | Villager (Male) |
Build order — reev699169
First 150 of 527 actions detected
| 0:06 | Create | Villager (Male) |
| 0:06 | Create | Villager (Male) |
| 0:06 | Create | Villager (Male) |
| 0:06 | Create | Villager (Male) |
| 0:07 | Create | Villager (Male) |
| 1:51 | Create | Villager (Male) |
| 1:51 | Create | Villager (Male) |
| 1:53 | Research | Loom |
| 2:14 | Create | Villager (Male) |
| 2:15 | Create | Villager (Male) |
| 2:15 | Create | Villager (Male) |
| 3:06 | Create | Villager (Male) |
| 3:07 | Create | Villager (Male) |
| 3:18 | Create | Villager (Male) |
| 3:43 | Build | Lumber Camp |
| 4:57 | Create | Villager (Male) |
| 4:58 | Create | Villager (Male) |
| 4:58 | Create | Villager (Male) |
| 4:58 | Create | Villager (Male) |
| 4:59 | Create | Villager (Male) |
| 4:59 | Create | Villager (Male) |
| 5:54 | Create | Villager (Male) |
| 6:03 | Create | Villager (Male) |
| 6:03 | Create | Villager (Male) |
| 6:45 | Build | Mill |
| 6:49 | Create | Villager (Male) |
| 6:49 | Create | Villager (Male) |
| 7:18 | Create | Villager (Male) |
| 8:44 | Build | Mining Camp |
| 8:55 | Research | Feudal Age |
| 9:09 | Build | Farm |
| 9:10 | Build | Farm |
| 10:10 | Create | Villager (Male) |
| 10:11 | Create | Villager (Male) |
| 10:11 | Create | Villager (Male) |
| 10:12 | Create | Villager (Male) |
| 10:12 | Create | Villager (Male) |
| 11:18 | Age | Feudal Age |
| 11:36 | Build | Market |
| 11:42 | Build | Blacksmith |
| 11:49 | Build | Farm |
| 11:50 | Create | Villager (Male) |
| 13:05 | Build | Mining Camp |
| 13:09 | Build | Farm |
| 13:12 | Build | Farm |
| 13:49 | Create | Villager (Male) |
| 13:55 | Build | Farm |
| 14:11 | Create | Villager (Male) |
| 14:20 | Build | Farm |
| 14:25 | Build | Farm |
| 14:41 | Create | Villager (Male) |
| 14:44 | Build | Farm |
| 15:00 | Build | Farm |
| 15:11 | Build | Farm |
| 15:12 | Create | Villager (Male) |
| 15:44 | Build | Farm |
| 16:01 | Build | Farm |
| 16:08 | Build | Farm |
| 16:24 | Research | Castle Age |
| 16:51 | Research | Horse Collar |
| 18:11 | Research | Double-Bit Axe |
| 18:15 | Research | Stone Mining |
| 18:16 | Research | Gold Mining |
| 18:25 | Create | Villager (Male) |
| 18:29 | Create | Villager (Male) |
| 18:30 | Create | Villager (Male) |
| 19:04 | Age | Castle Age |
| 19:19 | Build | Town Center |
| 19:23 | Create | Villager (Male) |
| 19:40 | Build | Barracks |
| 19:52 | Build | Castle |
| 19:56 | Create | Villager (Male) |
| 19:56 | Create | Villager (Male) |
| 20:08 | Research | Wheelbarrow |
| 20:19 | Research | Bow Saw |
| 21:12 | Build | Stable |
| 21:13 | Build | Stable |
| 21:16 | Build | Stable |
| 21:25 | Create | Villager (Male) |
| 21:26 | Create | Villager (Male) |
| 21:27 | Create | Villager (Male) |
| 21:36 | Build | Farm |
| 21:37 | Build | Farm |
| 21:39 | Build | Farm |
| 22:01 | Research | Scale Barding Armor |
| 22:24 | Create | Villager (Male) |
| 22:28 | Create | Villager (Male) |
| 22:28 | Create | Villager (Male) |
| 22:40 | Create | Villager (Male) |
| 22:47 | Research | Marauders |
| 22:54 | Build | Farm |
| 22:58 | Build | Farm |
| 23:16 | Create | Villager (Male) |
| 23:16 | Create | Villager (Male) |
| 23:20 | Create | Villager (Male) |
| 23:20 | Create | Villager (Male) |
| 23:20 | Create | Villager (Male) |
| 23:24 | Build | Farm |
| 23:25 | Create | Villager (Male) |
| 23:44 | Build | Farm |
| 23:49 | Research | Husbandry |
| 23:50 | Research | Bloodlines |
| 23:54 | Build | Farm |
| 23:55 | Build | Farm |
| 24:26 | Build | Farm |
| 24:30 | Research | Bloodlines |
| 24:36 | Build | Farm |
| 24:38 | Create | Villager (Male) |
| 24:40 | Create | Villager (Male) |
| 24:41 | Create | Villager (Male) |
| 24:41 | Create | Villager (Male) |
| 24:44 | Create | Villager (Male) |
| 24:44 | Create | Villager (Male) |
| 24:53 | Create | Villager (Male) |
| 24:53 | Create | Villager (Male) |
| 25:04 | Build | Farm |
| 25:06 | Build | Farm |
| 25:07 | Build | Farm |
| 25:09 | Build | Farm |
| 25:10 | Create | Villager (Male) |
| 25:11 | Create | Villager (Male) |
| 25:17 | Build | Farm |
| 25:31 | Research | Forging |
| 25:35 | Create | Tarkan |
| 25:37 | Create | Tarkan |
| 25:37 | Create | Tarkan |
| 25:56 | Build | Farm |
| 26:32 | Build | Town Center |
| 26:38 | Build | Farm |
| 26:39 | Build | Farm |
| 26:47 | Create | Villager (Male) |
| 26:48 | Create | Villager (Male) |
| 26:55 | Build | Farm |
| 27:21 | Build | Farm |
| 27:28 | Build | Farm |
| 27:40 | Research | Imperial Age |
| 27:45 | Create | Villager (Male) |
| 27:46 | Create | Villager (Male) |
| 27:46 | Create | Villager (Male) |
| 27:46 | Create | Villager (Male) |
| 27:59 | Create | Tarkan |
| 28:00 | Create | Tarkan |
| 28:00 | Create | Tarkan |
| 28:00 | Create | Tarkan |
| 28:19 | Research | Gold Shaft Mining |
| 28:22 | Create | Villager (Male) |
| 28:23 | Create | Villager (Male) |
| 29:21 | Create | Villager (Male) |
| 29:22 | Create | Villager (Male) |
| 29:22 | Create | Villager (Male) |
Build order — Kraken Smacken
First 150 of 335 actions detected
| 0:03 | Build | House |
| 0:05 | Build | House |
| 0:06 | Build | House |
| 0:09 | Create | Villager (Male) |
| 0:09 | Create | Villager (Male) |
| 0:09 | Create | Villager (Male) |
| 0:10 | Create | Villager (Male) |
| 1:42 | Create | Villager (Male) |
| 2:13 | Create | Villager (Male) |
| 2:40 | Create | Villager (Male) |
| 2:43 | Build | Lumber Camp |
| 2:50 | Create | Villager (Male) |
| 3:12 | Create | Villager (Male) |
| 3:35 | Create | Villager (Male) |
| 4:12 | Create | Villager (Male) |
| 4:27 | Build | House |
| 4:39 | Create | Villager (Male) |
| 5:07 | Build | Lumber Camp |
| 5:10 | Create | Villager (Male) |
| 5:20 | Create | Villager (Male) |
| 5:38 | Create | Villager (Male) |
| 6:12 | Build | Mill |
| 6:14 | Create | Villager (Male) |
| 6:30 | Research | Loom |
| 6:33 | Create | Villager (Male) |
| 6:55 | Create | Villager (Male) |
| 8:01 | Build | Lumber Camp |
| 8:02 | Create | Villager (Male) |
| 8:03 | Create | Villager (Male) |
| 8:04 | Create | Villager (Male) |
| 8:53 | Create | Villager (Male) |
| 9:07 | Create | Villager (Male) |
| 9:23 | Build | House |
| 9:32 | Build | House |
| 10:22 | Build | House |
| 10:23 | Build | House |
| 10:25 | Build | House |
| 10:27 | Build | House |
| 10:28 | Build | House |
| 10:33 | Build | Barracks |
| 10:36 | Create | Villager (Male) |
| 10:43 | Build | Farm |
| 10:44 | Create | Villager (Male) |
| 11:08 | Build | Farm |
| 11:11 | Create | Villager (Male) |
| 11:34 | Build | Farm |
| 11:44 | Create | Villager (Male) |
| 11:54 | Build | Mill |
| 11:59 | Build | Farm |
| 12:00 | Create | Villager (Male) |
| 12:23 | Build | Farm |
| 12:25 | Create | Villager (Male) |
| 12:48 | Build | Farm |
| 12:49 | Create | Villager (Male) |
| 13:02 | Create | Villager (Male) |
| 13:15 | Build | Farm |
| 13:26 | Create | Villager (Male) |
| 13:27 | Create | Villager (Male) |
| 13:29 | Create | Villager (Male) |
| 13:30 | Create | Villager (Male) |
| 13:32 | Research | Feudal Age |
| 13:39 | Build | Farm |
| 14:00 | Build | Barracks |
| 14:01 | Build | Barracks |
| 14:02 | Build | Barracks |
| 14:09 | Build | Mining Camp |
| 15:59 | Build | House |
| 16:19 | Build | Lumber Camp |
| 16:27 | Build | Lumber Camp |
| 16:49 | Build | Farm |
| 16:53 | Build | Farm |
| 16:55 | Build | Farm |
| 16:57 | Build | Farm |
| 16:59 | Build | Farm |
| 17:01 | Build | Farm |
| 17:14 | Create | Villager (Male) |
| 17:17 | Create | Villager (Male) |
| 17:32 | Build | House |
| 18:16 | Age | Feudal Age |
| 18:24 | Build | Lumber Camp |
| 18:30 | Build | Mining Camp |
| 18:35 | Build | Blacksmith |
| 18:38 | Build | Market |
| 18:40 | Build | House |
| 18:40 | Build | House |
| 18:45 | Create | Spearman ×2 |
| 18:56 | Create | Villager (Male) |
| 19:00 | Research | Double-Bit Axe |
| 19:16 | Research | Horse Collar |
| 19:20 | Create | Villager (Male) |
| 19:36 | Create | Villager (Male) |
| 19:45 | Build | Farm |
| 20:03 | Build | Farm |
| 20:05 | Create | Villager (Male) |
| 20:24 | Research | Castle Age |
| 20:33 | Build | Farm |
| 20:41 | Research | Gold Mining |
| 21:07 | Research | Wheelbarrow |
| 21:20 | Research | Forging |
| 21:20 | Research | Fletching |
| 21:21 | Research | Scale Mail Armor |
| 21:31 | Build | House |
| 21:36 | Build | Barracks |
| 21:38 | Build | Barracks |
| 21:49 | Create | Spearman ×5 |
| 21:54 | Build | Farm |
| 22:22 | Create | Spearman ×4 |
| 23:10 | Age | Castle Age |
| 23:20 | Research | Pikeman (upgrade) |
| 23:28 | Build | Town Center |
| 23:58 | Build | Town Center |
| 24:20 | Research | Bow Saw |
| 24:23 | Create | Villager (Male) |
| 24:38 | Research | Squires |
| 24:50 | Build | Barracks |
| 24:56 | Build | Farm |
| 24:58 | Create | Villager (Male) |
| 25:00 | Create | Villager (Male) |
| 25:00 | Create | Villager (Male) |
| 25:00 | Create | Villager (Male) |
| 25:00 | Create | Villager (Male) |
| 25:04 | Create | Villager (Male) |
| 25:04 | Create | Villager (Male) |
| 25:27 | Build | Farm |
| 25:28 | Create | Villager (Male) |
| 25:30 | Create | Villager (Male) |
| 25:35 | Create | Villager (Male) |
| 25:54 | Build | Monastery |
| 25:58 | Create | Villager (Male) |
| 25:58 | Create | Villager (Male) |
| 25:59 | Create | Villager (Male) |
| 26:01 | Build | Farm |
| 26:25 | Build | Farm |
| 26:27 | Create | Villager (Male) |
| 26:34 | Build | Farm |
| 26:35 | Create | Villager (Male) |
| 26:45 | Build | Barracks |
| 26:51 | Build | Farm |
| 26:53 | Create | Villager (Male) |
| 26:59 | Create | Villager (Male) |
| 26:59 | Create | Villager (Male) |
| 27:00 | Create | Villager (Male) |
| 27:04 | Build | Farm |
| 27:06 | Create | Villager (Male) |
| 27:08 | Create | Monk |
| 27:12 | Build | Farm |
| 27:24 | Build | Farm |
| 27:29 | Create | Villager (Male) |
| 27:30 | Create | Villager (Male) |
| 27:30 | Create | Villager (Male) |
Match timeline
| 8:03 | GummyBear · first_building Barracks |
| 9:47 | Ptolemaeus · first_building Barracks |
| 9:56 | K · age_up feudal |
| 10:32 | GummyBear · age_up feudal |
| 10:33 | Kraken Smacken · first_building Barracks |
| 10:40 | GummyBear · first_building Stable |
| 10:43 | 854039402 · age_up feudal |
| 11:08 | Ptolemaeus · age_up feudal |
| 11:11 | Ptolemaeus · first_building Stable |
| 11:18 | reev699169 · age_up feudal |
| 11:31 | Scruff McFluff · age_up feudal |
| 11:49 | K · first_market_sell 100 stone |
| 14:32 | K · age_up castle |
| 14:56 | GummyBear · age_up castle |
| 16:09 | 854039402 · wall_segment Stone Wall x1 |
| 16:13 | 854039402 · wall_segment Stone Wall x1 |
| 16:13 | 854039402 · wall_segment Stone Wall x1 |
| 16:14 | 854039402 · wall_segment Stone Wall x1 |
| 16:32 | TallBoss5483 · first_market_buy 100 food |
| 16:54 | Ptolemaeus · first_building Archery Range |
| 16:56 | TallBoss5483 · first_building Barracks |
| 16:59 | GummyBear · first_building Castle |
| 17:04 | 854039402 · wall_segment Stone Wall x8 |
| 17:24 | 854039402 · first_building Barracks |
| 17:28 | Scruff McFluff · age_up castle |
| 18:05 | K · wall_segment Stone Wall x1 |
| 18:14 | TallBoss5483 · first_building Stable |
| 18:16 | Kraken Smacken · age_up feudal |
| 18:30 | 854039402 · age_up castle |
| 18:51 | 854039402 · wall_segment Stone Wall x10 |
| 19:04 | reev699169 · age_up castle |
| 19:40 | reev699169 · first_building Barracks |
| 19:52 | reev699169 · first_building Castle |
| 20:10 | 854039402 · wall_segment Palisade Wall x1 |
| 20:12 | 854039402 · wall_segment Palisade Wall x1 |
| 20:13 | 854039402 · wall_segment Palisade Wall x1 |
| 20:58 | TallBoss5483 · first_market_sell 100 wood |
| 21:12 | reev699169 · first_building Stable |
| 21:20 | Ptolemaeus · age_up castle |
| 21:26 | Scruff McFluff · first_building Barracks |
| 22:04 | Ptolemaeus · wall_segment Stone Wall x14 |
| 22:48 | Scruff McFluff · first_building Archery Range |
| 22:53 | Ptolemaeus · first_building Monastery |
| 23:10 | Kraken Smacken · age_up castle |
| 23:34 | Ptolemaeus · wall_segment Stone Wall x17 |
| 23:53 | K · first_building Castle |
| 24:03 | 854039402 · first_building Siege Workshop |
| 24:17 | Kraken Smacken · first_market_buy 100 wood |
| 24:40 | 854039402 · wall_segment Palisade Wall x1 |
| 24:41 | Scruff McFluff · first_building Monastery |
| 24:43 | K · first_building Barracks |
| 24:45 | 854039402 · wall_segment Stone Wall x1 |
| 24:46 | 854039402 · wall_segment Stone Wall x1 |
| 25:22 | Ptolemaeus · first_building Castle |
| 25:51 | GummyBear · first_building Monastery |
| 25:54 | Kraken Smacken · first_building Monastery |
| 25:57 | Scruff McFluff · first_building Castle |
| 26:23 | Ptolemaeus · first_building Siege Workshop |
| 27:17 | Scruff McFluff · first_building Stable |
| 27:17 | TallBoss5483 · first_building Castle |
| 27:52 | K · first_building Stable |
| 28:18 | 854039402 · first_building Castle |
| 28:34 | Kraken Smacken · first_building Castle |
| 29:27 | Scruff McFluff · wall_segment Stone Wall x13 |
| 29:31 | Scruff McFluff · wall_segment Stone Wall x11 |
| 29:33 | Scruff McFluff · wall_segment Stone Wall x7 |
| 29:37 | 854039402 · age_up imperial |
| 30:50 | reev699169 · age_up imperial |
| 34:23 | GummyBear · first_market_sell 500 food |
| 35:24 | K · first_building Archery Range |
| 35:28 | Kraken Smacken · age_up imperial |
| 35:53 | GummyBear · first_building Archery Range |
| 36:04 | Scruff McFluff · wall_segment Stone Wall x9 |
| 36:08 | Scruff McFluff · wall_segment Stone Wall x24 |
| 36:21 | 854039402 · first_building Archery Range |
| 36:26 | 854039402 · first_building Stable |
| 37:09 | Scruff McFluff · age_up imperial |
| 37:22 | Scruff McFluff · first_building Siege Workshop |
| 38:33 | Ptolemaeus · age_up imperial |
| 39:21 | 854039402 · wall_segment Stone Wall x3 |
| 39:33 | GummyBear · first_building Siege Workshop |
| 41:15 | GummyBear · age_up imperial |
| 41:53 | K · age_up imperial |
| 45:29 | K · resign |
| 47:22 | Ptolemaeus · first_market_sell 500 food |
| 50:20 | Scruff McFluff · first_market_sell 500 food |
| 53:02 | Ptolemaeus · tribute_sent a jugador 1 |
| 53:02 | Ptolemaeus · tribute_sent a jugador 2 |
| 53:02 | Ptolemaeus · tribute_sent a jugador 3 |
| 53:02 | Ptolemaeus · tribute_sent a jugador 5 |
| 53:02 | Ptolemaeus · tribute_sent a jugador 6 |
| 53:02 | Ptolemaeus · tribute_sent a jugador 7 |
| 53:02 | Ptolemaeus · tribute_sent a jugador 8 |
| 53:07 | Kraken Smacken · tribute_sent a jugador 1 |
| 53:07 | Kraken Smacken · tribute_sent a jugador 2 |
| 53:07 | Kraken Smacken · tribute_sent a jugador 3 |
| 53:07 | Kraken Smacken · tribute_sent a jugador 4 |
| 53:07 | Kraken Smacken · tribute_sent a jugador 5 |
| 53:07 | Kraken Smacken · tribute_sent a jugador 6 |
| 53:07 | Kraken Smacken · tribute_sent a jugador 7 |
[ AI ANALYSIS · 1 CREDIT ]
What really happened in this match?
Wolo.gg analyzes every decision: build order, eco, micro, common mistakes by bracket. Personalized analysis on WhatsApp or Discord in 30 seconds.
Civ guide
Britons
Perfil
Jugador #11890443